 Dungeon Crawl Stone Soup version 0.31-a0-963-ga325b2283a (webtiles) character file.

Game seed: 18135743067519498337

76 night the Changeling (level 4, -1/33 HPs)
             Began as a Merfolk Shapeshifter on Oct 25, 2023.
             Was a Believer of Jiyva.
             Slain by a gnoll
             ... wielding a +0 spear
              (6 damage)
             ... on level 4 of the Dungeon.
             The game lasted 00:04:07 (2421 turns).

night the Changeling (Merfolk Shapeshifter)         Turns: 2421, Time: 00:04:08

Health: -1/33      AC:  5    Str: 14    XL:     4   Next: 32%
Magic:  4/4        EV: 11    Int:  9    God:    Jiyva [**....]
Gold:   92         SH:  4    Dex: 15    Spells: 3/3 levels left

rFire   . .          .
                       - Unarmed
rCold   . . .        m - +0 buckler
rNeg    + . .        n - +0 ring mail
rPois   .            (helmet currently unavailable)
rElec   .            f - melded +0 cloak
rCorr   +            (gloves currently unavailable)
SInv    .            l - melded +1 pair of boots
Will    .....        (no amulet)
Stlth   +            i - ring of positive energy
HPRegen 1.21/turn    (no ring)
MPRegen 0.39/turn

%: no passive effects
@: beast-form
A: beast (slay +2), (nimble swimmer 2), mertail
a: Begin Untransformation, Renounce Religion


You were on level 4 of the Dungeon.
You worshipped Jiyva.
Jiyva was pleased with you.
You were a hulking beast.
You visited 1 branch of the dungeon, and saw 4 of its levels.

You collected 92 gold pieces.

Inventory:

Missiles
 e - 23 stones
 g - 3 curare-tipped darts
 u - a throwing net
Armour
 f - a +0 cloak (melded)
 l - a +1 pair of boots (melded)
 m - a +0 buckler (worn)
 n - a +0 ring mail (worn)
 p - a +0 pair of gloves
Jewellery
 i - a ring of positive energy (left hand)
 k - a +5 ring of evasion
Talismans
 c - a beast talisman (active)
 d - a flux talisman
Scrolls
 o - 2 scrolls of immolation
Potions
 a - a potion of enlightenment {unknown}
 b - a potion of lignification
 h - a potion of cancellation {unknown}
 j - a potion of might {unknown}
 r - 2 potions of ambrosia {unknown}
 t - a potion of haste {unknown}


   Skills:
 + Level 2.1 Fighting
 + Level 3.5 Dodging
 * Level 4.3 Unarmed Combat
 + Level 4.5 Shapeshifting


You had 3 spell levels left.
You didn't know any spells.
Your spell library was empty.

Dungeon Overview and Level Annotations

Branches:
Dungeon (4/15)
 Temple: D:4-7

Altars:
Jiyva


Innate Abilities, Weirdness & Mutations

You are a hulking beast.
Your limbs bulge with bestial killing power. (Slay +2)
((You are very nimble when in or above water. (Stealth+, EV+, Speed+++)))
Your lower body shifts to a powerful aquatic tail in water.


Message History

You hear a shout!
The kobold hits you but does no damage.
You hit the kobold.
You kill the kobold!
You hear the slow rusting of a very distant drain.
A gnoll comes into view. It is wielding a +0 spear.
Things that are here:
a +0 club; a stone The gnoll shouts!
You hear a shout!
The gnoll hits you from afar with a +0 spear. x2
You hear an angry hiss.
A gnoll comes into view. It is wielding a +0 whip.
The gnoll hits you with a +0 spear. x2
You see here a stone.
You hit the gnoll.
The gnoll is severely wounded.
The gnoll misses you. The gnoll hits you with a +0 spear!
You hit the gnoll.
The gnoll is severely wounded.
You hear a distant slurping noise.
The gnoll hits you with a +0 spear! The gnoll closely misses you.
You are too injured to fight recklessly!
The gnoll closely misses you. x2
A gnoll comes into view. It is wielding a +0 halberd.
The gnoll attacks as it pursues you! The gnoll hits you but does no damage.
The gnoll attacks as it pursues you!
The gnoll hits you from afar with a +0 spear.
The gnoll attacks as it pursues you! The gnoll barely misses you.
The gnoll hits you from afar with a +0 spear.
You block the gnoll's attack. The gnoll hits you with a +0 spear.
You punch the gnoll!
The gnoll is severely wounded.
The gnoll hits you with a +0 spear. The gnoll hits you with a +0 spear!
* * * LOW HITPOINT WARNING * * *
The gnoll closely misses you.
You hear a distant slurping noise.
The gnoll barely misses you. The gnoll closely misses you.
The gnoll attacks as it pursues you!
The gnoll hits you from afar with a +0 spear.
You die...

.. ###.. ..#. ... ..
.# #############.#
#.h.g.g.....(.####
#.###g....).........
#.# #.#######.######
#.# #.# ## #.# #.#
#.# #.# #.###.#
#.....# #.#####


You could see 3 gnolls.

Vanquished Creatures
  Crazy Yiuf (D:2)
  A worm (D:2)
  An orc (D:3)
  3 hobgoblins
  4 jackals (D:1)
  3 kobolds
  3 quokkas
  9 ball pythons
  4 bats
  3 frilled lizards
  4 goblins
  8 rats
44 creatures vanquished.

Vanquished Creatures (others)
  A jelly (D:4)
  An adder (D:3)
  3 endoplasms
  A goblin (D:4)
  A hobgoblin (D:2)
  3 ball pythons
  2 frilled lizards (D:3)
  A kobold (D:2)
13 creatures vanquished.

Grand Total: 57 creatures vanquished

Notes
Turn   | Place    | Note
-------+----------+-------------------------------------------
     0 | D:1      | night the Merfolk Shapeshifter began the quest for the Orb.
     0 | D:1      | Reached XP level 1. HP: 15/15 MP: 1/1
    97 | D:1      | Reached XP level 2. HP: 11/21 MP: 2/2
  1065 | D:2      | Found a faded altar of an unknown god.
  1074 | D:2      | Prayed at the altar of an unknown god.
  1074 | D:2      | Became a worshipper of Jiyva Jagifeb the Shapeless
  1074 | D:2      | Reached * piety under Jiyva
  1095 | D:2      | Reached XP level 3. HP: 25/26 MP: 3/3
  1312 | D:2      | Reached ** piety under Jiyva
  1595 | D:2      | Found a runed translucent door.
  1596 | D:2      | Noticed Crazy Yiuf
  1683 | D:2      | Killed Crazy Yiuf
  1684 | D:2      | Reached skill level 2 in Fighting
  1684 | D:2      | Reached XP level 4. HP: 26/33 MP: 4/4
  2419 | D:4      | HP: 3/33 [gnoll/+0 spear (7)]
  2421 | D:4      | Slain by a gnoll

Illustrated notes

Levels and vault maps discovered:
D:1:      tekkud_arrival_beachfront_property, layout_basic,
          roderic_serpentine_path, minmay_misc_feat_x, st_stairs_12,
          minmay_misc_feat_tiny, minmay_shallow_snake_nest
D:2:      minmay_diamond_boxcup, layout_loops_ring,
          chequers_ecumenical_altar_simple_redux, serial_glass, glass_columns_b,
          glass_columns_a, due_unseen_surprise, item_on_display_a,
          uniq_crazy_yiuf_cottage
D:3:      layout_loops_ring
D:4:      layout_loops_ring, gup_sewer_entry_bowl

Skill      XL: |  1  2  3 |
---------------+----------+-----
Dodging        | 3 |  3.5
Unarmed Combat | 4 |  4.3
Fighting       | 2 |  2.1
Shapeshifting  | |  4.5

Action                     |  1- 3 |  4- 6 || total
---------------------------+-------+-------++-------
  Melee: Unarmed           |    84 |    29 ||   113
Ability: Begin Untransform |     1 |     1 ||     2
    Use: Scroll            |     5 |     1 ||     6
         Potion            |     4 |       ||     4
 Armour: Animal skin       |    14 |       ||    14
         Ring mail         |    24 |    27 ||    51
  Dodge: Dodged            |    49 |    18 ||    67
  Block: Buckler           |     9 |     3 ||    12
   Form: Beast             |     1 |     1 ||     2

Table legend: (Time is in decaauts)
 A = Elapsed time spent in this place.
 B = Non-inter-level travel time spent in this place.
 C = Inter-level travel time spent in this place.
 D = Time resting spent in this place.
 E = Time spent auto-exploring this place.
 F = Levels seen in this place.
 G = Mean time per level.
                   A        B        C        D        E       F      G
               +--------+--------+--------+--------+--------+-----+--------+
         Total |   2422 |   2305 |    117 |     57 |   1847 |   4 |  605.5 |
       Dungeon |   2422 |   2305 |    117 |     57 |   1847 |   4 |  605.5 |
               +--------+--------+--------+--------+--------+-----+--------+

Top non-repeatable levels by time:
     D:1: 909 daAuts
     D:2: 846 daAuts
     D:3: 548 daAuts
     D:4: 118 daAuts
